 Dungeon Crawl Stone Soup version 0.25-a0-589-g1e14c549ee (webtiles) character file.

Game seed: 14060776310473699674, levelgen mode: deterministic

1250 Kohma the Insei (level 8, -2/66 HPs)
             Began as a Green Draconian Transmuter on Mar 9, 2020.
             Was a Believer of Makhleb.
             Slain by Grinder (8 damage)
             ... while paralysed by Grinder
             ... on level 6 of the Dungeon.
             The game lasted 00:15:06 (5477 turns).

Kohma the Insei (Green Draconian Transmuter)        Turns: 5477, Time: 00:15:06

Health: -2/66      AC:  2    Str: 12    XL:     8   Next: 26%
Magic:  19/20      EV:  5    Int: 15    God:    Makhleb [**....]
Gold:   185        SH:  0    Dex: 18    Spells: 6/11 levels left

rFire    + . .     SeeInvis .     - Unarmed
rCold    . . .     Gourm    .   (shield currently unavailable)
rNeg     . . .     Faith    .   (armour unavailable)
rPois    x         Spirit   .   (helmet currently unavailable)
rElec    .         Reflect  .   (cloak currently unavailable)
rCorr    .         Harm     .   (gloves currently unavailable)
MR       .....                  (boots currently unavailable)
Stlth    ++........             (no amulet)
HPRegen  0.21/turn              p - ring of protection from fire
MPRegen  0.17/turn              n - ring of magical power

@: paralysed, lethally poisoned (-2 -> -24), spider-form (expiring)
A: tiny, (breathe noxious fumes), unfitting armour, AC +6
a: End Transformation, Minor Destruction, Renounce Religion


You were on level 6 of the Dungeon.
You worshipped Makhleb.
Makhleb was pleased with you.
You were not hungry.
You were a venomous arachnid creature.
You visited 1 branch of the dungeon, and saw 6 of its levels.

You collected 185 gold pieces.

Inventory:

Missiles
 a - 137 arrows
 m - a throwing net (quivered)
Armour
 e - a +0 cloak (melded)
 g - a +0 buckler
 r - a +1 pair of gloves (melded)
Jewellery
 n - a ring of magical power (right front leg)
 p - a ring of protection from fire (left front leg)
 q - an uncursed ring of ice
Scrolls
 d - a scroll of fog
 k - 4 scrolls of remove curse
 s - a scroll of blinking
 t - a scroll of enchant armour
 v - 2 scrolls of noise
Potions
 b - a potion of lignification {unknown}
 h - 6 potions of curing
 i - 2 potions of berserk rage
 j - a potion of mutation {unknown}
 l - a potion of magic
 o - a potion of stabbing {unknown}
 u - a potion of ambrosia {unknown}
Comestibles
 c - 6 rations
 f - 3 chunks of flesh


   Skills:
 - Level 4.0 Fighting
 - Level 1.7 Dodging
 * Level 3.4 Shields
 + Level 6.4 Unarmed Combat
 - Level 2.0 Spellcasting
 * Level 5.9 Transmutations
 - Level 3.0 Poison Magic


You had 6 spell levels left.
You knew the following spells:

 Your Spells              Type           Power        Failure   Level  Hunger
b - Sticks to Snakes      Tmut           ###.....     11%         2    ###....
c - Spider Form           Tmut/Pois      ##........   26%         3    ###....

Your spell library contained the following spells:

 Spells                   Type           Power        Failure   Level  Hunger
 Beastly Appendage        Tmut           ###...       8%          1    #......
 Magic Dart               Conj           #...         43%         1    #......
 Searing Ray              Conj           #.....       54%         2    ###....
 Blade Hands              Tmut           ###.......   69%         5    ######.
 Dazzling Flash           Conj/Hex       #.....       75%         3    ###....
 Ice Form                 Ice/Tmut       ##......     75%         4    #####..
 Fulminant Prism          Conj/Hex       #.........   98%         4    #####..
 Iskenderun's Mystic Bla  Conj/Tloc      #.......     98%         4    #####..


Dungeon Overview and Level Annotations

Branches:
Dungeon (6/15)
 Temple: D:4-7

Altars:
Dithmenos
Makhleb
Qazlal
Trog
Vehumet
Zin
The Shining One

Annotations:
D:5 exclusion: statue
D:6 Grinder


Innate Abilities, Weirdness & Mutations

((You can breathe blasts of noxious fumes.))
((Your lurid green scales are hard. (AC +6)))
You cannot fit into any form of body armour.
((Your system is resistant to poisons. (rPois)))
((You are cold-blooded and may be slowed by cold attacks.))


Message History

Grinder gestures at you. Pain shoots through your body!
The worker ant barely misses you. The worker ant completely misses you.
You feel sick. The worker ant bites you.
You are lethally poisoned!
The worker ant poisons you! Grinder barely misses you.
The worker ant bites you.
* * * LOW HITPOINT WARNING * * *
* * * LOW HITPOINT WARNING * * *
You feel very sick. The worker ant barely misses you. Grinder gestures at you.
You shrug off the repeated paralysis!
The worker ant bites you.
* * * LOW HITPOINT WARNING * * *
The worker ant bites you.
* * * LOW HITPOINT WARNING * * *
Your transformation is almost over.
* * * LOW HITPOINT WARNING * * *
You feel sick. Grinder hits you!
You die...

#.# #.#######
#.# ###.#######
#.###.........#
#........##....
#####.......# #
##......#.#
###......#
#a#.##.#
#saF...#
##5..### ...#
...# ...# ...#
...# ....


You could see Grinder, a bullfrog and 2 worker ants.

Vanquished Creatures
  Sigmund (D:4)
  A water moccasin (D:5)
  A sky beast (D:6)
  2 ogres (D:5)
  A howler monkey (D:4)
  A crimson imp (D:4)
  A bullfrog zombie (D:5)
  A hound (D:3)
  A bullfrog skeleton (D:5)
  6 orc priests
  An orc wizard (D:5)
  4 worker ants
  3 adders
  A howler monkey skeleton (D:6)
  A shadow imp (D:5)
  4 oozes
  An adder skeleton (D:4)
  3 worms
  2 leopard geckos
  20 orcs
  5 giant cockroaches
  5 goblins
  6 hobgoblins
  8 jackals
  4 quokkas
  9 bats
  3 frilled lizards
  A jackal zombie (D:6)
  9 kobolds
  7 rats
113 creatures vanquished.

Vanquished Creatures (collateral kills)
  A phantom (D:4)
  An adder (D:3)
  A ball python (D:3)
  A giant cockroach (D:3)
4 creatures vanquished.

Grand Total: 117 creatures vanquished

Notes
Turn   | Place    | Note
-------+----------+-------------------------------------------
     0 | D:1      | Kohma the Draconian Transmuter began the quest for the Orb.
     0 | D:1      | Reached XP level 1. HP: 16/16 MP: 3/3
   634 | D:1      | Reached XP level 2. HP: 23/23 MP: 3/5
   884 | D:2      | Found a bloodstained altar of Trog.
   888 | D:2      | Found a shadowy altar of Dithmenos.
  1371 | D:2      | Reached XP level 3. HP: 29/29 MP: 4/6
  1447 | D:2      | Learned a level 2 spell: Sticks to Snakes
  1451 | D:2      | Learned a level 3 spell: Spider Form
  1562 | D:2      | Found a burning altar of Makhleb.
  1565 | D:2      | Noticed a blizzard demon
  1567 | D:2      | Found a glowing silver altar of Zin.
  1567 | D:2      | Noticed an angel
  1570 | D:2      | Became a worshipper of Makhleb the Destroyer
  1861 | D:3      | Reached skill level 4 in Unarmed Combat
  1865 | D:3      | HP: 1/29 [orc priest/nerve-wracking pain (14)]
  2174 | D:3      | Reached skill level 1 in Poison Magic
  2174 | D:3      | Reached XP level 4. HP: 33/37 MP: 4/7
  2838 | D:3      | Reached XP level 5. HP: 32/42 MP: 8/8
  2962 | D:3      | Reached * piety under Makhleb
  3361 | D:4      | Noticed a phantom
  3414 | D:4      | Killed a phantom
  3414 | D:4      | Reached skill level 5 in Unarmed Combat
  3414 | D:4      | Reached XP level 6. HP: 25/51 MP: 2/9
  3602 | D:4      | Found a shadowy altar of Dithmenos.
  3619 | D:4      | Found a glowing golden altar of the Shining One.
  3779 | D:4      | Noticed Sigmund
  3809 | D:4      | Killed Sigmund
  3809 | D:4      | Your scales start taking on a lurid green colour.
  3809 | D:4      | Reached XP level 7. HP: 21/58 MP: 5/10
  3809 | D:4      | Gained mutation: Your system is resistant to poisons.
                  | (rPois) [Green Draconian growth]
  4097 | D:5      | Entered Level 5 of the Dungeon
  4142 | D:5      | Found a radiant altar of Vehumet.
  4322 | D:5      | Found a stormy altar of Qazlal.
  4357 | D:5      | Reached ** piety under Makhleb
  4380 | D:5      | Reached skill level 1 in Shields
  4380 | D:5      | Reached skill level 6 in Unarmed Combat
  4577 | D:5      | Reached skill level 5 in Transmutations
  4845 | D:5      | Reached XP level 8. HP: 42/66 MP: 11/11
  4861 | D:5      | HP: 1/66 [ogre/+0 giant club (26)]
  5457 | D:6      | Noticed Grinder
  5472 | D:6      | Paralysed by Grinder for 5 turns
  5477 | D:6      | Slain by Grinder

Levels and vault maps discovered:
D:1:      dpeg_arrival_arbitrary_b, layout_rooms
D:2:      layout_basic, grunt_temple_overflow_order_and_chaos_2,
          grunt_temple_overflow_open
D:3:      layout_basic, first_ration
D:4:      layout_basic, tso_metal_star, grunt_dithmenos_smoke_and_mirrors,
          uniq_sigmund
D:5:      layout_basic, vehumet_statue, grunt_qazlal_sundering
D:6:      layout_loops_cross, doesnt_xom_only_xom,
          minmay_temple_entry_statues_fountains, serial_shops, shop,
          uniq_grinder, uniq_maggie, uniq_menkaure

Skill      XL: |  1  2  3  4  5  6  7  8 |
---------------+-------------------------+-----
Fighting       | 2 3 4 |  4.0
Unarmed Combat | 4 5 6 |  6.4
Poison Magic   | 1 2 3 |  3.0
Transmutations | 3 4 5 |  5.9
Shields        | 2 3 |  3.4
Dodging        | |  1.7
Spellcasting   | |  2.0

Action                   |  1- 3 |  4- 6 |  7- 9 || total
-------------------------+-------+-------+-------++-------
Melee: Unarmed           |   124 |   177 |   139 ||   440
       Tailslap          |    11 |    11 |     1 ||    23
       Headbutt          |     6 |       |       ||     6
       Kick              |     6 |    10 |       ||    16
       Punch             |     1 |     2 |     1 ||     4
 Cast: Beastly Appendage |    20 |     9 |       ||    29
       Sticks to Snakes  |     2 |     3 |       ||     5
       Spider Form       |     1 |    10 |    12 ||    23
  Use: Scroll            |       |    12 |     3 ||    15
       Potion            |       |     1 |     2 ||     3
 Stab: Distracted        |       |     1 |       ||     1
       Sleeping          |       |     1 |       ||     1
  Eat: Chunk             |     3 |     9 |     7 ||    19
Armor: Skin              |    50 |    45 |    19 ||   114
Dodge: Dodged            |   105 |   111 |   106 ||   322

Table legend:
 A = Non-vault XP
 B = Vault XP
 C = Vault XP percentage of total XP
 D = Non-vault monster count
 E = Vault monster count
 F = Vault count percentage of total count
                 A         B        C        D         E       F
            +---------+---------+-------+---------+---------+-------
      Total |    1549 |     238 |  13.3 |     116 |       1 |   0.9
            +---------+---------+-------+---------+---------+-------
        D:1 |      14 |       0 |   0.0 |       9 |       0 |   0.0
        D:2 |      40 |       0 |   0.0 |      19 |       0 |   0.0
        D:3 |     288 |       0 |   0.0 |      40 |       0 |   0.0
        D:4 |     273 |     238 |  46.6 |      14 |       1 |   6.7
        D:5 |     776 |       0 |   0.0 |      29 |       0 |   0.0
        D:6 |     158 |       0 |   0.0 |       5 |       0 |   0.0
            +---------+---------+-------+---------+---------+-------
